Map: Dusk Towers

Players

TheoRy

  • Race: Terran Terran
  • League: Grandmaster

Trion

  • Race: Terran Terran
  • League: Diamond

ReMiiX

  • Race: Terran Terran
  • League: Master

Raith

  • Race: Terran Terran
  • League: Platinum

VOD

Have the link to the VOD?

Description

Time

  • Played on: Dec. 3, 2015, 12:23 a.m.
  • Length: 24:22
Show
View Real Time Build Order
Export as new Build Order

TheoRy Terran 

Build Orders: Reaper Expand, Mech, Banshee Rush 

Get SALT Encoding   

  12  0:01  SCV  
  13  0:13  SCV  
  14  0:18  Supply Depot  
  14  0:25  SCV  
  15  0:39  SCV  
  15  0:42  Barracks  
  16  0:45  Refinery  
  16  0:51  SCV  
  17  1:03  SCV  
  18  1:15  SCV  
  19  1:29  Reaper, Orbital Command  
  20  1:41  Command Center  
  20  1:55  SCV  
  20  1:57  Supply Depot  
  21  2:01  Refinery  
  21  2:07  SCV  
  22  2:13  Factory, Marine  
  23  2:19  SCV  
  24  2:31  SCV  
  24  2:33  Marine  
  25  2:55  SCV  
  25  2:58  Barracks Tech Lab  
  26  3:00  Starport  
  26  3:02  Orbital Command  
  26  3:07  SCV  
  28  3:13  Hellion  
  28  3:18  Marine  
  29  3:20  SCV  
  29  3:28  SCV  
  29  3:32  SCV  
  31  3:34  Hellion  
  31  3:41  SCV  
  34  3:44  SCV  
  35  3:53  Command Center, SCV  
  36  3:55  Banshee  
  36  3:56  Cloaking Field  
  36  3:57  SCV  
  36  4:01  Hellion  
  42  4:05  Supply Depot  
  42  4:06  SCV  
  42  4:09  SCV  
  44  4:18  SCV  
  44  4:21  SCV, Engineering Bay  
  44  4:24  Supply Depot  
  46  4:27  Hellion  
  46  4:30  SCV  
  49  4:33  SCV  
  49  4:35  Supply Depot  
  50  4:39  Banshee  
  50  4:42  SCV  
  54  4:45  SCV  
  54  4:48  Missile Turret  
  54  4:51  Missile Turret  
  55  4:55  SCV  
  55  4:56  Hellion  
  58  5:05  SCV  
  58  5:06  Orbital Command  
  59  5:08  SCV  
  59  5:12  Refinery  
  60  5:14  Marine  
  61  5:22  SCV x2, Raven  
  65  5:34  SCV  
  64  5:38  SCV x2, Factory  
  64  5:39  Factory  
  65  5:48  Marine  
  64  5:55  SCV x2  
  64  6:07  SCV  
  64  6:09  Viking  
  65  6:13  Refinery  
  65  6:17  SCV x2  
  65  6:18  Command Center  
  65  6:21  Barracks  
  65  6:24  Barracks Tech Lab, Barracks x2  
  62  6:32  Factory Tech Lab x2  
  62  6:33  SCV x3  
  65  6:42  Engineering Bay  
  65  6:45  SCV x3  
  68  6:51  Siege Tank  
  68  6:52  Siege Tank  
  74  6:58  Factory  
  74  7:00  Factory  
  74  7:01  Factory  
  74  7:06  Hellion  
  76  7:20  SCV x2  
  79  7:22  Factory  
  79  7:23  Siege Tank  
  79  7:24  Siege Tank  
  83  7:32  SCV x2  
  65  7:45  SCV  
  65  7:48  Armory  
  65  7:51  Hellion x4  
  74  7:52  Banshee  
  74  7:55  Siege Tank  
  74  7:56  Siege Tank  
  74  7:57  Supply Depot  
  82  8:04  SCV x2  
  84  8:16  SCV  
  84  8:18  Factory Reactor  
  85  8:20  SCV  
  85  8:24  Supply Depot  
  86  8:28  SCV  
  86  8:29  Siege Tank x2  
  86  8:30  Hellion  
  86  8:32  Armory, SCV, Supply Depot  
  86  8:33  Hellion x3  
  102  8:37  Supply Depot  
  102  8:38  Supply Depot  
  102  8:40  SCV  
  103  8:58  Terran Vehicle Weapons Level 1  
  98  9:19  Orbital Command  
  98  9:21  SCV  
  99  9:25  Hellion x2, Siege Tank x2  
  99  9:26  Hellion x3  
  112  9:32  Terran Vehicle And Ship Armor Level 1  
  112  9:35  SCV x2  
  112  9:36  Refinery  
  114  9:42  Refinery  
  114  9:43  Factory Tech Lab, Infernal Pre-Igniter  
  114  9:44  Missile Turret  
  109  9:54  SCV  
  109  9:57  Siege Tank  
  99  10:09  SCV  
  99  10:10  SCV  
  99  10:12  Siege Tank x2  
  99  10:13  Hellion x5  
  117  10:17  SCV  
  117  10:21  SCV  
  118  10:28  Missile Turret  
  118  10:30  SCV  
  118  10:33  SCV, Medivac  
  122  10:37  Missile Turret  
  122  10:40  SCV  
  123  10:42  SCV  
  123  10:45  SCV  
  125  10:54  SCV  
  125  10:55  SCV  
  127  10:57  SCV  
  127  11:02  Terran Vehicle Weapons Level 2  
  127  11:03  Supply Depot x2, Medivac  
  130  11:06  Supply Depot x2, SCV  
  129  11:19  Supply Depot  
  129  11:20  Supply Depot  
  126  11:45  Viking  
  126  11:46  Thor x3  
  126  11:47  Thor  
  141  11:48  Hellbat x4  
  141  11:49  Orbital Command  
  152  12:02  Command Center  
  152  12:07  SCV  
  153  12:09  Hellion  
  153  12:10  Hellion  
  153  12:18  Hellion x2  
  157  12:29  Siege Tank  
  157  12:57  Siege Tank x2  
  157  12:58  Terran Vehicle And Ship Armor Level 2, Hellion, Siege Tank  
  164  13:00  Hellion  
  164  13:01  Hellion  
  168  13:16  Hellbat x2  
  174  13:20  Hellion  
  174  13:21  Hellion  
  174  13:23  Hellion  
  178  13:30  Hellion, Hellbat x2  
  186  13:41  Hellion  
  186  13:42  Viking  
  186  13:43  Hellion  
  186  13:44  Hellion  
  186  13:45  Terran Vehicle Weapons Level 3  
  179  14:02  Hellion x2  
  175  14:24  Siege Tank x3  
  175  14:25  Siege Tank  
  175  14:26  Hellbat x3  
  175  14:27  Hellbat  
  195  14:49  Hellbat x2  
  183  15:04  Hellion  
  183  15:05  Hellion  
  146  15:10  Hellion x2  
  142  15:20  Viking  
  133  15:27  Starport  
  133  15:29  Starport  
  133  15:31  Starport  
  133  15:33  Starport  
  123  15:43  Refinery  
  123  15:45  Siege Tank x2  
  123  15:46  Hellion, Refinery  
  131  15:55  Viking  
  133  15:57  Planetary Fortress  
  123  16:17  Viking x3  
  131  16:25  Viking  
  133  16:38  Terran Ship Weapons Level 1  
  133  16:39  Terran Vehicle And Ship Armor Level 3  
  131  16:48  Orbital Command  
  131  16:52  Refinery, Orbital Command  
  131  16:56  Refinery  
  125  17:01  Siege Tank x3  
  125  17:02  Siege Tank  
  125  17:03  Viking x3  
  125  17:06  SCV x3  
  125  17:08  Raven  
  138  17:19  Viking  
  122  17:30  Hellion x2  
  122  17:32  SCV  
  122  17:34  Hellion  
  112  17:50  SCV  
  113  17:51  SCV  
  113  17:53  SCV  
  113  17:54  SCV  
  111  18:08  SCV  
  112  18:19  Refinery x2  
  112  18:20  Missile Turret  
  112  18:21  SCV  
  112  18:22  SCV x4  
  117  18:27  Hellion  
  117  18:28  Hellion x3  
  117  18:34  Terran Ship Weapons Level 2  
  122  18:43  Missile Turret  
  122  18:44  Missile Turret  
  122  18:46  Missile Turret  
  118  18:50  Missile Turret  
  118  18:53  Hellion x4  
  118  19:11  Starport Tech Lab x3  
  115  19:23  SCV  
  115  19:24  SCV  
  100  19:26  Hellion  
  100  19:30  Hellion x3, Siege Tank  
  100  19:31  Hellion  
  93  19:39  Starport Tech Lab  
  93  19:40  Banshee  
  92  19:48  Hellion  
  92  19:51  Siege Tank x2  
  100  20:03  Viking x3  
  106  20:15  Siege Tank x2  
  106  20:16  Hellion x2, Hellbat  
  118  20:23  Siege Tank  
  105  20:50  SCV  
  105  20:53  SCV x2  
  102  21:02  SCV  
  97  21:07  SCV  
  97  21:11  Hellion x3  
  100  21:15  Hellion, Viking x3  
  100  21:16  Viking x2  
  93  21:27  SCV  
  93  21:32  Thor  
  90  21:35  SCV  
  84  21:41  Hellion x2  
  84  21:45  Banshee, Viking x2, Medivac  
  84  21:46  Banshee  
  95  21:51  Orbital Command  
  95  21:57  Hellion  
  95  21:58  Hellion, Siege Tank  
  95  22:15  Viking  
  55  22:56  Orbital Command  
  55  23:00  Hellion x3  
  55  23:02  Orbital Command  
  58  23:23  Orbital Command  
  58  23:24  Hellion x2  
Show
View Real Time Build Order
Export as new Build Order

Trion Terran 

Build Orders: Bio Tank, Banshee Rush 

Get SALT Encoding   

  12  0:00  SCV  
  13  0:13  SCV  
  14  0:17  Supply Depot  
  14  0:25  SCV  
  15  0:30  Refinery  
  15  0:39  SCV  
  16  0:46  Barracks  
  16  0:51  SCV  
  17  1:03  SCV  
  18  1:15  SCV  
  19  1:31  SCV  
  20  1:33  Reaper  
  21  1:45  Orbital Command  
  21  1:59  Command Center  
  21  2:05  Factory  
  21  2:08  Reaper  
  21  2:12  Supply Depot  
  21  2:13  SCV  
  22  2:22  Refinery  
  22  2:25  SCV  
  24  2:37  SCV  
  24  2:41  Marine  
  25  2:49  SCV, Hellion  
  27  2:58  Marine  
  27  3:01  SCV  
  27  3:04  Starport  
  29  3:11  Hellion  
  31  3:13  SCV  
  31  3:19  Orbital Command  
  32  3:23  Marine  
  32  3:33  SCV, Hellion  
  35  3:39  Starport Tech Lab  
  35  3:44  Engineering Bay  
  35  3:48  SCV x2, Marine  
  37  3:54  Factory Tech Lab  
  38  3:58  Banshee, Cloaking Field  
  41  4:03  Supply Depot  
  41  4:04  SCV  
  41  4:06  Marine  
  43  4:13  Cyclone  
  46  4:24  SCV x2  
  46  4:27  Missile Turret  
  46  4:28  Missile Turret  
  48  4:33  Missile Turret  
  48  4:36  SCV, Marine  
  50  4:40  SCV  
  51  4:45  Siege Tank  
  51  4:49  Supply Depot  
  54  4:56  Barracks Tech Lab  
  54  4:58  Barracks  
  54  5:11  SCV x2, Raven  
  54  5:12  Missile Turret  
  58  5:30  Marine  
  62  5:35  Siege Tank  
  62  5:38  Refinery  
  62  5:39  Refinery  
  62  5:40  Supply Depot  
  62  5:41  Supply Depot  
  62  5:43  SCV x2  
  62  5:56  Supply Depot  
  62  5:57  Supply Depot  
  62  6:02  Marine x2  
  64  6:16  SCV x2  
  66  6:19  Marine  
  66  6:20  Marine  
  65  6:27  Siege Tank, Stimpack  
  65  6:28  SCV x2  
  65  6:31  Command Center  
  70  6:34  Medivac  
  70  6:37  Marine  
  73  6:40  SCV x2  
  73  6:42  Barracks Reactor  
  75  6:52  Terran Infantry Weapons Level 1  
  75  6:55  Marine  
  75  6:58  Barracks  
  75  6:59  Siege Tank  
  79  7:02  Barracks  
  79  7:13  SCV, Marine  
  79  7:14  SCV  
  82  7:20  Marine x2  
  84  7:25  SCV, Factory, Starport Reactor  
  84  7:26  SCV  
  86  7:31  Marine  
  86  7:36  Engineering Bay  
  79  7:37  Marine  
  79  7:38  SCV x2, Marine  
  79  7:39  Missile Turret  
  79  7:40  Armory  
  79  7:42  Missile Turret  
  79  7:43  Siege Tank  
  79  7:44  Supply Depot  
  83  7:45  Supply Depot  
  83  7:48  Marine, Orbital Command  
  83  7:50  SCV x2  
  86  7:59  Missile Turret  
  86  8:04  SCV x2, Marine  
  86  8:05  Marine  
  90  8:08  Medivac x2  
  90  8:10  Barracks Reactor  
  94  8:15  Siege Tank  
  94  8:18  SCV  
  94  8:19  SCV  
  99  8:21  Refinery  
  99  8:24  Refinery, Marine x3  
  102  8:27  Combat Shields  
  102  8:29  Terran Infantry Armor Level 1  
  102  8:30  SCV  
  102  8:31  SCV  
  104  8:40  Command Center, SCV, Marine  
  106  8:41  Marine  
  106  8:42  Marine x2  
  106  8:44  Siege Tank  
  112  8:52  SCV x2  
  112  8:54  Terran Vehicle Weapons Level 1  
  114  8:55  Marine  
  114  8:56  Marine  
  114  8:57  Supply Depot  
  114  8:58  Marine  
  114  8:59  Supply Depot  
  114  9:02  Supply Depot, Siege Tank  
  120  9:04  Supply Depot  
  120  9:05  Marine x2  
  115  9:10  Marine  
  115  9:11  SCV x2  
  115  9:15  Marine x2  
  115  9:16  Marine  
  115  9:17  Medivac x2  
  118  9:25  Marine x2  
  118  9:27  Siege Tank  
  118  9:28  Marine  
  124  9:33  Marine x2  
  124  9:34  Marine  
  124  9:35  Siege Tank, Missile Turret  
  130  9:46  Marine  
  130  9:47  Marine x2  
  130  9:51  Marine x2  
  130  9:52  Marine  
  134  9:59  Siege Tank  
  134  10:04  Marine x3  
  130  10:09  Marine  
  130  10:10  Siege Tank  
  134  10:18  Orbital Command  
  134  10:21  Terran Infantry Weapons Level 2  
  132  10:22  Marine x5  
  134  10:31  SCV x3, Siege Tank  
  134  10:32  Refinery  
  140  10:37  Medivac  
  140  10:38  Marine, Medivac  
  140  10:40  Marine  
  140  10:42  Siege Tank  
  149  10:43  SCV x3  
  149  10:45  Terran Infantry Armor Level 2  
  149  10:49  SCV  
  153  10:55  SCV, Barracks Reactor  
  154  10:58  Marine x3  
  154  11:00  Terran Vehicle Weapons Level 2  
  154  11:03  Siege Tank  
  160  11:05  Refinery  
  160  11:09  SCV x2  
  162  11:12  Missile Turret  
  162  11:17  Missile Turret  
  162  11:19  Missile Turret x2  
  162  11:20  Marine  
  162  11:21  Marine x2  
  162  11:23  Siege Tank  
  162  11:24  SCV x2  
  165  11:38  Viking, Starport  
  165  11:39  Viking, Starport  
  166  11:42  Command Center  
  160  12:03  Marine x6  
  160  12:04  Siege Tank  
  160  12:05  Siege Tank  
  160  12:08  Fusion Core  
  170  12:11  SCV x2  
  172  12:16  Starport Tech Lab x2  
  172  12:21  Supply Depot  
  172  12:23  Supply Depot  
  172  12:28  SCV x2  
  174  12:34  Command Center  
  174  12:35  Starport Tech Lab  
  174  12:36  Siege Tank  
  175  12:56  Battlecruiser x2  
  175  12:57  Battlecruiser  
  193  13:02  Refinery, Orbital Command  
  188  13:06  Refinery  
  188  13:08  Weapon Refit  
  186  13:14  Siege Tank x2  
  186  13:15  SCV, Marauder, Marine  
  186  13:16  SCV, Terran Ship Weapons Level 1  
  186  13:19  SCV  
  198  13:22  Terran Infantry Weapons Level 3  
  198  13:23  Marine x2  
  196  13:46  Siege Tank  
  196  13:47  SCV  
  200  13:51  Factory  
  200  13:52  Factory, Terran Infantry Armor Level 3  
  200  13:54  Factory  
  196  13:59  SCV  
  196  14:00  SCV  
  197  14:09  SCV  
  197  14:29  SCV x2  
  197  14:30  Missile Turret  
  197  14:31  SCV  
  200  14:32  Missile Turret  
  200  14:34  Refinery, Missile Turret, Orbital Command  
  200  14:35  Refinery  
  200  14:36  Missile Turret  
  200  14:40  Missile Turret  
  200  14:43  Command Center, Behemoth Reactor  
  200  14:53  Starport  
  200  14:54  Starport  
  150  15:14  Factory Tech Lab x3, Siege Tank x2  
  146  15:20  Battlecruiser x3  
  154  15:23  Marine x2, Marauder  
  157  15:35  Siege Tank x3  
  153  15:38  Terran Ship Weapons Level 2  
  147  15:44  Marauder  
  147  15:46  Siege Tank  
  152  15:50  Marine x2  
  152  15:51  Marine x2  
  156  15:59  Hi-Sec Auto Tracking  
  149  16:06  Marauder  
  148  16:12  SCV x2  
  148  16:14  Starport Tech Lab x2  
  148  16:23  SCV  
  148  16:24  Banshee x2, Battlecruiser  
  151  16:27  Marauder  
  151  16:28  Siege Tank x3  
  149  16:35  Orbital Command  
  149  16:37  Refinery x2  
  149  16:39  Command Center  
  147  16:40  Orbital Command  
  146  16:50  Siege Tank x2  
  151  17:00  Hellbat x3  
  155  17:06  SCV x3  
  155  17:07  Banshee, Battlecruiser  
  167  17:21  Hellbat x2  
  167  17:22  Hellbat  
  173  17:27  Siege Tank  
  151  17:31  Siege Tank  
  151  17:34  Command Center  
  121  17:45  Siege Tank x3  
  122  17:54  Terran Vehicle Weapons Level 3  
  117  17:59  Siege Tank, Marine x7  
  117  18:03  Siege Tank  
  130  18:07  Orbital Command  
  130  18:09  SCV x2  
  130  18:10  SCV  
  127  18:16  Marine  
  127  18:17  Siege Tank, Hellbat  
  127  18:18  Hellbat  
  127  18:19  Battlecruiser  
  141  18:23  Battlecruiser  
  147  18:30  Viking x2  
  151  18:35  Marine x4  
  151  18:40  SCV x2  
  154  18:49  Viking  
  154  18:52  SCV x2, Orbital Command  
  158  18:59  SCV  
  158  19:00  Viking x2  
  158  19:01  Thor x2  
  175  19:04  SCV x2  
  177  19:11  SCV  
  178  19:19  Viking  
  178  19:23  Viking  
  165  19:27  Viking  
  165  19:30  Battlecruiser, Viking  
  164  19:34  Refinery  
  164  19:36  Thor x2  
  158  19:52  Thor  
  166  19:53  Command Center, Hellbat  
  166  19:56  Orbital Command  
  166  20:13  Infernal Pre-Igniter  
  159  20:22  Siege Tank x2  
  159  20:23  Thor  
  159  20:26  Viking x3  
  168  20:32  Terran Ship Weapons Level 3  
  158  20:44  SCV  
  158  20:47  Thor  
  158  20:48  Thor  
  165  20:56  SCV x2  
  157  21:04  Barracks Tech Lab  
  157  21:06  Concussive Shells  
  157  21:10  Barracks Tech Lab  
  153  21:13  Barracks Tech Lab  
  153  21:17  Command Center  
  143  21:20  Siege Tank x2  
  143  21:22  Marauder x2  
  149  21:28  Barracks  
  149  21:29  Barracks  
  149  21:32  Barracks  
  151  21:33  Marauder x2  
  151  21:34  Barracks  
  151  21:35  Hellbat  
  151  21:36  Hellbat  
  151  21:39  Thor  
  157  21:42  SCV x2  
  157  21:44  Marauder x2  
  163  21:50  Building Armor  
  165  21:54  Marauder x2  
  167  22:04  Siege Tank  
  167  22:05  Siege Tank x3, Marauder  
  181  22:14  SCV x2  
  182  22:22  Barracks Tech Lab x4, Siege Tank  
  178  22:24  Marauder  
  178  22:25  Marauder x2  
  168  22:30  Viking x2  
  168  22:34  Orbital Command  
  169  22:37  Hellbat x4  
  169  22:38  SCV x2  
  159  22:52  Viking x2  
  159  22:54  Siege Tank  
  160  22:59  Marine x3  
  160  23:02  Orbital Command  
  160  23:04  Marine x5  
  159  23:13  Thor  
  159  23:17  Marine  
  166  23:21  Missile Turret  
  166  23:23  SCV x2, Missile Turret  
  168  23:28  Marine x5  
  168  23:31  SCV  
  180  23:57  Marine x8  
  188  24:05  Missile Turret  
  188  24:06  Missile Turret  
Show
View Real Time Build Order
Export as new Build Order

ReMiiX Terran 

Build Orders:  

Get SALT Encoding   

Show
View Real Time Build Order
Export as new Build Order

Raith Terran 

Build Orders:  

Get SALT Encoding   

Tags
 
Add a new tag
Caveats
  • Supply blocks, unpowered buildings, or Contaminate may cause inaccurate times.
  • Supply counts are checked every 10 seconds.